[Event "Titled Tuesday Blitz November 2 2021"]
[White "Gaehwiler, Gabriel"]
[Black "Cunjalo, Faris"]
[WhiteFideId "1314530"]
[BlackFideId "14410710"]
[WhiteElo "2320"]
[BlackElo "2234"]
[Result "0-1"]
[Round "09"]
[TimeControl "180+1"]
[Date "2021.11.02"]
[WhiteClock "0:00:05"]
[BlackClock "0:00:06"]

1. d4 g6 2. g3 Bg7 3. Bg2 f5 4. c4 Nf6 5. Nf3 O-O 6. O-O d6 7. Nc3 Qe8 8. Re1 e5 9. e4 f4 10. gxf4 Bg4 11. dxe5 dxe5 12. h3 Bxf3 13. Bxf3 Nc6 14. Nd5 Rd8 15. Be3 exf4 16. Bxf4 Ne5 17. Bxe5 Qxe5 18. Qe2 Nd7 19. Bg2 c6 20. Ne3 Nc5 21. Ng4 Qxb2 22. Qxb2 Bxb2 23. Rab1 Bc3 24. Rec1 Bd4 25. Rc2 h5 26. Nh2 Rf4 27. Re2 Rdf8 28. Rf1 Nd3 29. Rd2 Bxf2+ 30. Kh1 Ne5 31. Nf3 Nxf3 32. Rdxf2 Rxe4 33. Rxf3 Rxf3 34. Rxf3 Rxc4 35. Rb3 b6 36. Bf1 Rc1 37. Kg1 Kf7 38. Re3 a5 39. a3 b5 40. Kf2 Kf6 41. Bd3 Rc3 42. Be4 Rc4 43. Bd3 Rc3 44. Be4 Rc5 45. Kf3 g5 46. Bd3 Rc3 47. Be4 Rc4 48. Bd3 Ra4 49. Be4 Rc4 50. Bd3 Rf4+ 51. Ke2 g4 52. hxg4 hxg4 53. Re4 Rxe4+ 54. Bxe4 c5 55. Bd3 c4 56. Be4 Ke5 57. Bc6 b4 58. axb4 axb4 59. Bd7 g3 60. Bc6 Kd4 61. Kd2 b3 62. Bg2 c3+ 63. Kc1 Ke3 0-1


[Site "https://www.chess.com"]

[Event "Titled Tuesday Blitz November 2 2021"]
[White "Girinath, P.D.S."]
[Black "Mikhailovsky, Vladimir"]
[WhiteFideId "5000572"]
[BlackFideId "34105414"]
[WhiteElo "2333"]
[BlackElo "2402"]
[Result "0-1"]
[Round "09"]
[TimeControl "180+1"]
[Date "2021.11.02"]
[WhiteClock "0:00:06"]
[BlackClock "0:00:18"]

1. e4 e5 2. Nf3 d5 3. exd5 e4 4. Ne5 Qxd5 5. d4 exd3 6. Nxd3 Nf6 7. Nc3 Qf5 8. Bf4 Na6 9. Qf3 Bb4 10. Be2 Bxc3+ 11. bxc3 O-O 12. O-O Re8 13. Rfe1 c6 14. c4 Be6 15. c5 Bd5 16. Qg3 Ne4 17. Qg4 Qf6 18. Be3 Rad8 19. Rab1 Qe7 20. Bf3 Nf6 21. Qg3 Bxf3 22. Qxf3 Qd7 23. Bf4 Nd5 24. Bd6 Rxe1+ 25. Rxe1 Re8 26. Rxe8+ Qxe8 27. g3 h6 28. h4 Qe6 29. Kg2 Nab4 30. Nxb4 Nxb4 31. a3 Nxc2 32. Qc3 Qe4+ 33. Kh2 Ne1 34. Kg1 Qg2# 0-1


[Site "https://www.chess.com"]

[Event "Titled Tuesday Blitz November 2 2021"]
[White "Golubev, Mikhail"]
[Black "Lovkov, Roman"]
[WhiteFideId "14100983"]
[BlackFideId "4157389"]
[WhiteElo "2374"]
[BlackElo "2371"]
[Result "0-1"]
[Round "09"]
[TimeControl "180+1"]
[Date "2021.11.02"]
[WhiteClock "0:00:02"]
[BlackClock "0:00:44"]

1. e4 c5 2. Nf3 d6 3. d4 cxd4 4. Nxd4 Nf6 5. Nc3 g6 6. Be3 Bg7 7. f3 O-O 8. Qd2 Nc6 9. O-O-O d5 10. Nxc6 bxc6 11. Bh6 Bxh6 12. Qxh6 Rb8 13. e5 Nd7 14. Rd4 Re8 15. e6 Nf8 16. exf7+ Kxf7 17. h4 e5 18. Ra4 Qb6 19. b3 Qc5 20. Kb2 Rb4 21. h5 Rxa4 22. Nxa4 Qd4+ 23. c3 Qf4 24. hxg6+ hxg6 25. Qxf4+ exf4 26. Bd3 Kg7 27. Nc5 Nd7 28. Nxd7 Bxd7 29. Kc2 Re5 30. Rd1 Kf6 31. Rd2 Re1 32. Re2 Rg1 33. b4 g5 34. Rf2 g4 35. fxg4 Kg5 36. Bf1 Bxg4 37. Kd3 Bf5+ 38. Kd4 Be4 39. Kc5 Kg4 40. Ba6 Kg3 41. Rd2 Rc1 0-1


[Site "https://www.chess.com"]

[Event "Titled Tuesday Blitz November 2 2021"]
[White "Gubajdullin, Alexei"]
[Black "Matinian, Nikita"]
[WhiteFideId "4141202"]
[BlackFideId "24129100"]
[WhiteElo "2268"]
[BlackElo "2464"]
[Result "1-0"]
[Round "09"]
[TimeControl "180+1"]
[Date "2021.11.02"]
[WhiteClock "0:00:55"]
[BlackClock "0:00:04"]

1. d4 Nf6 2. Nf3 g6 3. Bf4 Bg7 4. e3 O-O 5. Be2 d6 6. O-O Nbd7 7. h3 b6 8. a4 a6 9. a5 b5 10. c4 bxc4 11. Bxc4 Bb7 12. Nc3 c5 13. d5 Rc8 14. Qd3 Nb8 15. e4 Nfd7 16. Rfe1 Rc7 17. Ra4 f6 18. Qe3 Ne5 19. Bxe5 fxe5 20. Ng5 Bh6 21. h4 Nd7 22. Qe2 Bxg5 23. hxg5 Kg7 24. Bxa6 Bxa6 25. Qxa6 c4 26. Rxc4 Nc5 27. Qb6 Qc8 28. Nb5 Rb7 29. Nxd6 exd6 30. Qxd6 Rc7 31. Qxe5+ Kg8 32. d6 Rcf7 33. Qxc5 Qg4 34. e5 Qh5 35. e6 Rxf2 36. e7 Rxg2+ 37. Kxg2 Qf3+ 38. Kh2 Qh5+ 39. Kg1 1-0


[Site "https://www.chess.com"]

[Event "Titled Tuesday Blitz November 2 2021"]
[White "Kalashian, David"]
[Black "Tikhonov, Viacheslav"]
[WhiteFideId "13302418"]
[BlackFideId "44196407"]
[WhiteElo "2490"]
[BlackElo "1773"]
[Result "0-1"]
[Round "09"]
[TimeControl "180+1"]
[Date "2021.11.02"]
[WhiteClock "0:00:06"]
[BlackClock "0:00:20"]

1. d3 e5 2. g3 d5 3. Bg2 Nf6 4. Nf3 Nbd7 5. O-O Bd6 6. e4 c6 7. Re1 O-O 8. Nbd2 Re8 9. c3 Qc7 10. Qc2 a5 11. Nf1 dxe4 12. dxe4 Nc5 13. Nh4 b6 14. Rd1 Bf8 15. Bg5 Nfd7 16. Be3 g6 17. Rd2 Be7 18. Rad1 Ne6 19. Bh3 Nf6 20. Bh6 Bb7 21. Bxe6 fxe6 22. Ne3 c5 23. f3 Rad8 24. Kg2 Kf7 25. h3 Ng8 26. Ng4 g5 27. Rd7 Qb8 28. Bxg5 Rxd7 29. Rxd7 Bc6 30. Rxe7+ Nxe7 31. Qc1 Ng8 32. Bh6 Ke7 33. Bg7 Kd7 34. Bxe5 Qd8 35. Kh2 Kc8 36. Ng2 Ne7 37. Nf4 Ng6 38. Nxg6 hxg6 39. h4 Qd3 40. Qf4 Qe2+ 41. Kh3 Qf1+ 42. Kh2 Rd8 43. Bb8 Qe2+ 44. Kh3 Qf1+ 45. Kh2 e5 46. Bxe5 Rd1 47. Nf2 Qxf2+ 48. Kh3 Bd7+ 49. g4 Rh1+ 50. Qh2 Rxh2+ 51. Bxh2 Qxf3+ 0-1


[Site "https://www.chess.com"]

[Event "Titled Tuesday Blitz November 2 2021"]
[White "Kalogeris, Ioannis"]
[Black "Mirzoev, Azer"]
[WhiteFideId "4239563"]
[BlackFideId "13400304"]
[WhiteElo "2287"]
[BlackElo "2525"]
[Result "1-0"]
[Round "09"]
[TimeControl "180+1"]
[Date "2021.11.02"]
[WhiteClock "0:00:06"]
[BlackClock "0:00:16"]

1. e4 c6 2. Nf3 d5 3. Nc3 Nf6 4. e5 Ne4 5. Bd3 Nc5 6. Be2 d4 7. b4 dxc3 8. bxc5 cxd2+ 9. Bxd2 e6 10. O-O Nd7 11. Bg5 Be7 12. Qd2 h6 13. Bxe7 Qxe7 14. Rad1 Nxc5 15. Nd4 O-O 16. f4 Qc7 17. Rf3 Bd7 18. Qe3 b6 19. Rg3 f5 20. exf6 Rxf6 21. Rf1 Raf8 22. Rgf3 Kh8 23. Bc4 a5 24. a3 Bc8 25. R1f2 Qd6 26. g3 Ba6 27. Bxa6 Nxa6 28. Qe5 Qxe5 29. fxe5 Rxf3 30. Rxf3 Rxf3 31. Nxf3 Nc7 32. Nd4 c5 33. Nc6 Kg8 34. c4 Kf7 35. Kf2 Ke8 36. Ke3 Kd7 37. Nb8+ Kc8 38. Nc6 a4 39. h4 Na6 40. Kd3 Kd7 41. Na7 Nc7 42. Ke4 g6 43. g4 Ne8 44. h5 gxh5 45. gxh5 Ng7 46. Nb5 Nxh5 47. Nc3 Ng3+ 48. Kf4 Ne2+ 49. Nxe2 Kc6 50. Nc3 h5 51. Nb5 Kd7 52. Kg5 Ke7 53. Kxh5 Kf7 54. Kh6 Ke7 55. Kg6 Kd7 56. Kf6 1-0


[Site "https://www.chess.com"]

[Event "Titled Tuesday Blitz November 2 2021"]
[White "Karttunen, Mika"]
[Black "Kozionov, Kirill"]
[WhiteFideId "502081"]
[BlackFideId "24101729"]
[WhiteElo "2343"]
[BlackElo "2426"]
[Result "1-0"]
[Round "09"]
[TimeControl "180+1"]
[Date "2021.11.02"]
[WhiteClock "0:00:04"]
[BlackClock "0:00:03"]

1. c4 Nf6 2. Nc3 g6 3. d4 Bg7 4. e4 d6 5. f3 O-O 6. Be3 c5 7. Nge2 Nc6 8. d5 Ne5 9. Ng3 h5 10. Be2 h4 11. Nf1 e6 12. Qd2 exd5 13. cxd5 a6 14. g4 b5 15. h3 Bd7 16. Kf2 Nh7 17. Rg1 Rb8 18. Kg2 f5 19. Bh6 Bxh6 20. Qxh6 f4 21. g5 Qxg5+ 22. Qxg5 Nxg5 23. Kh1 Nxh3 24. Rg2 Kg7 25. Nh2 Kh6 26. Nd1 a5 27. Bf1 a4 28. Rc1 b4 29. Rd2 Ng5 30. Be2 Bb5 31. Bxb5 Rxb5 32. Kg2 Ngf7 33. Nf2 g5 34. Nfg4+ Kg7 35. Kf2 Re8 36. Ke2 Nxg4 37. Nxg4 Ne5 38. Nxe5 Rxe5 39. Kd3 Kf6 40. Rg1 Rb8 41. Rh2 a3 42. b3 Rh8 43. Rh3 Re7 44. Rg4 Rg7 45. Kc4 Ke5 46. Kd3 Rhg8 47. Kc4 Kf6 48. Rh2 Re8 49. Rh3 Re5 50. Rh2 Kg6 51. Rh3 Kh5 52. Kd3 Rge7 53. Rg1 Re8 54. Rg2 Rg8 55. Rg4 Rg6 56. Rh2 Re8 57. Rh3 Re7 58. Rh2 Rg8 59. Rh3 Rge8 60. Rg1 Rf7 61. Rg2 Re5 62. Rg1 Rg7 63. Rg4 Rge7 64. Rg2 Kg6 65. Rxh4 Kg7 66. Rxf4 Rf7 67. Rxf7+ Kxf7 68. Ke3 Kf6 69. Rh2 Kg7 70. Rg2 Kh6 71. f4 gxf4+ 72. Kxf4 Rh5 73. Rg8 Kh7 74. Rd8 Rh2 75. Rd7+ Kg8 76. Rxd6 Rxa2 77. Ra6 Rb2 78. d6 Kf7 79. Ke5 Rxb3 80. Ra7+ Ke8 81. Ke6 Kf8 82. Ra8+ Kg7 83. d7 Rd3 84. e5 c4 85. Ra6 c3 86. Rd6 Rxd6+ 87. Kxd6 c2 88. d8=Q c1=Q 89. Qf6+ Kh7 90. Qf7+ Kh6 91. Qf6+ Kh5 92. Qf7+ Kg5 93. Qf6+ Kg4 94. Qg6+ Kf4 95. Qh6+ Ke4 96. Qxc1 1-0


[Site "https://www.chess.com"]

[Event "Titled Tuesday Blitz November 2 2021"]
[White "Khoroshev, Nikita"]
[Black "Nguyen Hong Nhung"]
[WhiteFideId "14200287"]
[BlackFideId "12412201"]
[WhiteElo "2376"]
[BlackElo "1661"]
[Result "1-0"]
[Round "09"]
[TimeControl "180+1"]
[Date "2021.11.02"]
[WhiteClock "0:00:16"]
[BlackClock "0:00:33"]

1. e4 c5 2. Nf3 e6 3. Nc3 Nc6 4. d4 cxd4 5. Nxd4 Qc7 6. Ndb5 Qb8 7. g3 a6 8. Nd4 Nf6 9. Nxc6 bxc6 10. Bg2 d5 11. O-O Be7 12. Re1 O-O 13. exd5 cxd5 14. Bf4 Qxb2 15. Be5 Qa3 16. Rb1 Rd8 17. Rb3 Qa5 18. g4 Ra7 19. g5 Nd7 20. Bd4 Bc5 21. Re3 Bxd4 22. Qxd4 Qc5 23. Qh4 g6 24. Rh3 Nf8 25. Ne2 Qc4 26. Qxc4 dxc4 27. Rb8 Rd1+ 28. Bf1 Bd7 29. Nc3 Rd4 30. f3 e5 31. Rh6 Kg7 32. Ne4 Ne6 33. Rxh7+ Kxh7 34. Nf6+ Kg7 35. Rg8# 1-0


[Site "https://www.chess.com"]

[Event "Titled Tuesday Blitz November 2 2021"]
[White "Lazavik, Denis"]
[Black "Tologon tegin, Semetei"]
[WhiteFideId "13515110"]
[BlackFideId "13800574"]
[WhiteElo "2436"]
[BlackElo "2224"]
[Result "1-0"]
[Round "09"]
[TimeControl "180+1"]
[Date "2021.11.02"]
[WhiteClock "0:00:18"]
[BlackClock "0:00:07"]

1. d4 Nf6 2. c4 g6 3. g3 d5 4. cxd5 Nxd5 5. Bg2 Bg7 6. Nf3 O-O 7. O-O c5 8. e4 Nb4 9. d5 Bg4 10. a3 N4a6 11. Nc3 Nd7 12. h3 Bxf3 13. Qxf3 Ne5 14. Qe2 c4 15. f4 Nd3 16. Be3 Qa5 17. e5 Nac5 18. Rad1 Rfd8 19. h4 b5 20. h5 b4 21. axb4 Qxb4 22. hxg6 hxg6 23. d6 exd6 24. Bxa8 Rxa8 25. exd6 Nxb2 26. Nd5 Qb5 27. Nc7 Qc6 28. Nxa8 Ncd3 29. Nc7 Nxd1 30. Rxd1 Qxd6 31. Ne8 Qd5 32. Nxg7 Kxg7 33. Bf2 Qf5 34. Bd4+ Kf8 35. Rb1 Qc8 36. Qh2 Ke7 37. Qh4+ Ke6 38. Qf6+ Kd5 39. Be3 Qh3 40. Qd4+ Ke6 41. Qxc4+ Kf6 42. Bd4+ Ke7 43. Qxd3 Qxg3+ 44. Qxg3 1-0


[Site "https://www.chess.com"]

[Event "Titled Tuesday Blitz November 2 2021"]
[White "Le, Tuan Minh"]
[Black "Pichot, Alan"]
[WhiteFideId "12401153"]
[BlackFideId "110973"]
[WhiteElo "2450"]
[BlackElo "2600"]
[Result "0-1"]
[Round "09"]
[TimeControl "180+1"]
[Date "2021.11.02"]
[WhiteClock "0:00:05"]
[BlackClock "0:00:07"]

1. d4 Nf6 2. Nf3 d5 3. Bf4 c5 4. c3 Qb6 5. Qc2 Nc6 6. e3 g6 7. Nbd2 Bg7 8. Be2 O-O 9. O-O Bf5 10. dxc5 Qxc5 11. Qb3 Nh5 12. Bc7 Na5 13. Bxa5 Qxa5 14. Nd4 Bxd4 15. exd4 Nf4 16. Rfe1 Rab8 17. Bf1 e6 18. g3 Nh5 19. Nf3 Nf6 20. Ne5 Qc7 21. Qd1 g5 22. Qd2 h6 23. h4 Ne4 24. Qe3 f6 25. Nf3 b5 26. Rac1 a6 27. Bd3 Rbe8 28. b3 Qh7 29. Bf1 Nd6 30. Bg2 Be4 31. Qe2 Nf5 32. h5 Qf7 33. Nd2 Bxg2 34. Kxg2 e5 35. Qg4 Qd7 36. Kg1 Re7 37. dxe5 fxe5 38. Rcd1 Qc6 39. Nf3 e4 40. Nd4 Nxd4 41. cxd4 Qc2 42. Qe2 Qxe2 43. Rxe2 Rc7 44. Rdd2 Rf3 45. Kg2 Rcc3 46. Rd1 Kf7 47. Red2 Ke6 48. Re2 Kf5 49. Rde1 Kg4 50. Rh1 e3 51. fxe3 Rcxe3 52. Rxe3 Rxe3 53. Rc1 Rxg3+ 54. Kf2 Rf3+ 55. Ke2 Rh3 56. Rc6 Kxh5 57. Rxa6 Kg4 58. Ra5 Rh2+ 59. Ke3 h5 60. Rxb5 Rxa2 61. Rxd5 h4 62. Rd8 Kg3 63. d5 h3 64. Rh8 h2 65. d6 Ra1 66. d7 Rd1 67. d8=Q Rxd8 68. Rxd8 h1=Q 69. Rd3 Qe1+ 70. Kd4+ Kf4 71. Kc4 g4 72. Rd4+ Kf5 73. Rd5+ Kf4 74. Rd4+ Kg5 75. Rd5+ Kh4 76. Rd4 Kh3 77. b4 g3 78. Re4 Qxe4+ 0-1


[Site "https://www.chess.com"]

[Event "Titled Tuesday Blitz November 2 2021"]
[White "Martinez Alcantara, Jose Eduardo"]
[Black "Rasulov, Vugar"]
[WhiteFideId "3805662"]
[BlackFideId "13402390"]
[WhiteElo "2690"]
[BlackElo "2560"]
[Result "0-1"]
[Round "09"]
[TimeControl "180+1"]
[Date "2021.11.02"]
[WhiteClock "0:00:02"]
[BlackClock "0:00:48"]

1. e4 c5 2. Nf3 d6 3. d4 cxd4 4. Nxd4 Nf6 5. Nc3 a6 6. h3 g6 7. Be3 Bg7 8. Qd2 O-O 9. Bh6 Nc6 10. Bxg7 Kxg7 11. O-O-O Be6 12. Nxe6+ fxe6 13. Bc4 e5 14. Kb1 Nd4 15. f4 Rc8 16. fxe5 dxe5 17. Bb3 Qa5 18. Qg5 h6 19. Qe3 Qc5 20. Rd3 b5 21. Rc1 a5 22. Ne2 Rfd8 23. Nxd4 Rxd4 24. Rxd4 exd4 25. Qd3 a4 26. Be6 Rc6 27. Bg4 b4 28. Rd1 e5 29. Rf1 a3 30. b3 Qc3 31. Qxc3 Rxc3 32. Bf3 g5 33. Re1 Kg6 34. Kc1 d3 35. Bd1 Nh5 36. Kd2 dxc2 37. Bxc2 Nf4 38. Bd1 Nxg2 39. Rh1 h5 40. Be2 Nf4 41. Bb5 Rxh3 42. Rc1 Rh2+ 43. Ke3 Rxa2 44. Rc6+ Kg7 45. Rc7+ Kf6 46. Rc6+ Ke7 47. Rc7+ Kd8 48. Rg7 Rg2 49. Ra7 h4 50. Bf1 Rg3+ 51. Kf2 Rxb3 52. Bb5 h3 53. Rh7 a2 0-1


[Site "https://www.chess.com"]

[Event "Titled Tuesday Blitz November 2 2021"]
[White "Mezentsev, Ivan"]
[Black "De Silva, L M S T"]
[WhiteFideId "13706195"]
[BlackFideId "9953698"]
[WhiteElo "2295"]
[BlackElo "1621"]
[Result "1-0"]
[Round "09"]
[TimeControl "180+1"]
[Date "2021.11.02"]
[WhiteClock "0:00:27"]
[BlackClock "0:00:19"]

1. d4 Nf6 2. Nf3 e6 3. Bf4 d5 4. e3 Bd6 5. Bg3 O-O 6. Nbd2 c5 7. c3 Nc6 8. Bd3 b6 9. e4 Be7 10. e5 Nh5 11. a3 g6 12. Qe2 cxd4 13. cxd4 Bd7 14. Nf1 Na5 15. Ne3 Rc8 16. O-O Bg5 17. h3 Bxe3 18. Qxe3 Nxg3 19. fxg3 f5 20. exf6 Qxf6 21. Ne5 Qe7 22. Rxf8+ Rxf8 23. Bxg6 hxg6 24. Nxg6 Qg7 25. Nxf8 Kxf8 26. Rf1+ Ke8 27. Rf4 Nc4 28. Qc3 Nd6 29. Qc7 Ne4 30. Rg4 Qxd4+ 31. Kh2 Qf6 32. Rg8+ Kf7 33. Rd8 Nc5 34. b4 Qe7 35. bxc5 Ba4 36. Qf4+ Kg7 37. Rc8 bxc5 38. Rc7 Bd7 39. Qe5+ Kf7 40. Rxa7 d4 41. Qf4+ Kg7 42. Qc7 Kf6 43. Qxd7 Qxd7 44. Rxd7 e5 45. a4 e4 46. a5 e3 47. a6 e2 48. a7 e1=Q 49. a8=Q Qe6 50. Qf8+ Ke5 51. Qxc5+ Kf6 52. Qxd4+ Kg6 53. Rd6 Kh5 54. Rxe6 1-0


[Site "https://www.chess.com"]

[Event "Titled Tuesday Blitz November 2 2021"]
[White "Nakamura, Hikaru"]
[Black "Abdrlauf, Elham"]
[WhiteFideId "2016192"]
[BlackFideId "1533533"]
[WhiteElo "2884"]
[BlackElo "2362"]
[Result "1-0"]
[Round "09"]
[TimeControl "180+1"]
[Date "2021.11.02"]
[WhiteClock "0:00:40"]
[BlackClock "0:00:09"]

1. d4 Nf6 2. Bg5 g6 3. Bxf6 exf6 4. h4 h5 5. e3 Bg7 6. Ne2 O-O 7. c4 d6 8. Nbc3 f5 9. Nf4 Re8 10. g3 Nd7 11. Bg2 Nf6 12. Qc2 c6 13. b4 Qe7 14. b5 Ne4 15. bxc6 bxc6 16. O-O a5 17. Rab1 Ba6 18. Nxe4 fxe4 19. Rb6 d5 20. cxd5 Bxf1 21. Bxf1 cxd5 22. Nxd5 Qd8 23. Rb5 Rc8 24. Qb1 Rb8 25. Nc3 Qc7 26. Nxe4 a4 27. Ng5 Bf6 28. Ne4 Bg7 29. Bd3 a3 30. Qb3 Qc1+ 31. Kg2 Qb2 32. Rxb8 Rxb8 33. Qd5 Qb7 34. Qxb7 Rxb7 35. Bc4 Bf8 36. Ng5 Kg7 37. e4 Rb4 38. Bd5 Rxd4 39. Bxf7 Rd2 40. Bb3 Bc5 41. Ne6+ 1-0


[Site "https://www.chess.com"]

[Event "Titled Tuesday Blitz November 2 2021"]
[White "Nesterov, Arseniy"]
[Black "Babazada, Khazar"]
[WhiteFideId "24198455"]
[BlackFideId "13413554"]
[WhiteElo "2494"]
[BlackElo "2302"]
[Result "0-1"]
[Round "09"]
[TimeControl "180+1"]
[Date "2021.11.02"]
[WhiteClock "0:00:03"]
[BlackClock "0:01:42"]

1. d4 d5 2. c4 dxc4 3. Nf3 Nf6 4. e3 e6 5. Bxc4 a6 6. O-O b5 7. Be2 Bb7 8. b3 Nbd7 9. a4 c6 10. Bb2 Be7 11. Nbd2 O-O 12. Re1 Qb6 13. e4 c5 14. Bd3 Rfd8 15. axb5 axb5 16. Rxa8 Bxa8 17. Qe2 cxd4 18. Bxd4 Bc5 19. Bxc5 Nxc5 20. Bc2 Qa5 21. Qe3 Qb4 22. h3 h6 23. Qf4 Bb7 24. Qc7 Rxd2 25. Nxd2 Qxd2 26. Qb8+ Kh7 27. e5+ Nfe4 28. Bxe4+ Bxe4 29. Re3 Qd5 30. Rg3 Nd3 31. Qf8 Qxe5 32. Qxf7 Nf4 33. h4 Ne2+ 34. Kh2 Nxg3 35. fxg3 Qb2 36. Qxe6 Qxg2# 0-1


[Site "https://www.chess.com"]

[Event "Titled Tuesday Blitz November 2 2021"]
[White "Ozen, Bahadir"]
[Black "Tsydypov, Zhamsaran"]
[WhiteFideId "6337058"]
[BlackFideId "4108566"]
[WhiteElo "2503"]
[BlackElo "2649"]
[Result "1-0"]
[Round "09"]
[TimeControl "180+1"]
[Date "2021.11.02"]
[WhiteClock "0:00:09"]
[BlackClock "0:01:01"]

1. Nf3 d5 2. e3 Nf6 3. c4 c6 4. Nc3 e6 5. b3 Nbd7 6. Bb2 Bd6 7. Rc1 O-O 8. Qc2 e5 9. cxd5 Nxd5 10. Ne4 Bb8 11. Ng3 Re8 12. a3 N7f6 13. d3 a5 14. Be2 Bd6 15. Ne4 Nxe4 16. dxe4 Nf6 17. O-O Qe7 18. Ra1 Bc7 19. h3 Nd7 20. Rfd1 Nc5 21. Rac1 Nd7 22. Nd2 Nb6 23. Nc4 Nxc4 24. Bxc4 Be6 25. a4 Red8 26. Bxe6 Qxe6 27. Bc3 g6 28. Rxd8+ Rxd8 29. Rd1 Rxd1+ 30. Qxd1 Kg7 31. Kf1 b5 32. Qc2 bxa4 33. bxa4 Qc4+ 34. Ke1 Kg8 35. Qd2 Qxe4 36. Bxa5 Bxa5 37. Qxa5 Qb1+ 38. Ke2 e4 39. Qd8+ Kg7 40. Qd4+ Kh6 41. f3 Qc2+ 42. Kf1 f5 43. fxe4 fxe4 44. a5 Qb1+ 45. Kf2 Qa2+ 46. Kg3 Qxa5 47. Qxe4 Qg5+ 48. Kh2 c5 49. Qe6 Qf5 50. Qe7 Qd5 51. Qf8+ Kh5 52. g4+ Kg5 53. Qf4+ Kh4 54. Qf2+ Kg5 55. Qf4+ Kh4 56. g5+ Kh5 57. Qg4# 1-0


[Site "https://www.chess.com"]

[Event "Titled Tuesday Blitz November 2 2021"]
[White "Postny, Evgeny"]
[Black "Jobava, Baadur"]
[WhiteFideId "2804344"]
[BlackFideId "13601520"]
[WhiteElo "2521"]
[BlackElo "2731"]
[Result "1/2-1/2"]
[Round "09"]
[TimeControl "180+1"]
[Date "2021.11.02"]
[WhiteClock "0:00:02"]
[BlackClock "0:00:06"]

1. Nf3 Nf6 2. c4 g6 3. g3 Bg7 4. Bg2 O-O 5. O-O d6 6. d4 Nc6 7. b3 e5 8. Bb2 e4 9. Ne1 Re8 10. Nc2 h5 11. Nc3 h4 12. b4 Bg4 13. b5 Ne7 14. Nxe4 Nxe4 15. Bxe4 Nf5 16. Bf3 Qg5 17. Qc1 Qh5 18. Qf4 hxg3 19. hxg3 Bxf3 20. Qxf3 Rxe2 21. g4 Rxc2 22. gxh5 Rxb2 23. hxg6 fxg6 24. Qxb7 Rf8 25. Qd5+ Kh7 26. Rae1 Bxd4 27. Re4 Bb6 28. Kg2 Kg7 29. Qd3 Rxa2 30. Qc3+ Rf6 31. Re8 Bd4 32. Qh3 Kf7 33. Qh8 Nh4+ 34. Qxh4 Rfxf2+ 35. Rxf2+ Rxf2+ 36. Kg3 Kxe8 37. Qxd4 Rf5 38. Qxa7 Rc5 39. Qa8+ Kd7 40. Qe4 g5 41. Qg4+ Kd8 42. Kf3 Re5 43. Qd4 Kc8 44. Kg4 Rc5 45. Kh5 Kb7 46. Kg6 Kb6 47. Kf6 Ka5 48. Qc3+ Ka4 49. Ke6 g4 50. Kd7 g3 51. Qxg3 Rxc4 52. Qg5 Rc5 53. Qf4+ Kxb5 54. Qd4 d5 55. Ke6 c6 56. Kd6 Rc4 57. Qb2+ Ka4 58. Qb6 d4 59. Ke5 c5 60. Qb2 Rc3 61. Qa1+ Kb3 62. Qb1+ Kc4 63. Qa2+ Kd3 64. Qa6+ Kd2 65. Qa2+ Rc2 66. Qa3 d3 67. Ke4 c4 68. Qa5+ Kd1 69. Qh5+ Kc1 70. Qh1+ Kb2 71. Qh8+ c3 72. Qb8+ Kc1 73. Kxd3 Rd2+ 74. Kxc3 Rc2+ 75. Kd3 Rd2+ 76. Ke3 Rb2 77. Qc7+ Kd1 78. Qc4 Rd2 79. Qf1+ Kc2 80. Qc4+ Kd1 81. Kf3 Rc2 82. Qb3 Kd2 83. Qe3+ Kd1 84. Qd4+ Kc1 85. Qa1+ Kd2 86. Kf2 Kd3+ 87. Kf3 Kd2 88. Qd4+ Kc1 89. Qb4 Rb2 90. Qc3+ Rc2 91. Qa1+ Kd2 1/2-1/2


[Site "https://www.chess.com"]

[Event "Titled Tuesday Blitz November 2 2021"]
[White "Przybylski, Wojciech"]
[Black "Narayanan.S.L"]
[WhiteFideId "1117599"]
[BlackFideId "5058422"]
[WhiteElo "2247"]
[BlackElo "2570"]
[Result "0-1"]
[Round "09"]
[TimeControl "180+1"]
[Date "2021.11.02"]
[WhiteClock "0:00:12"]
[BlackClock "0:02:12"]

1. e4 g6 2. d4 Bg7 3. Nc3 a6 4. Nf3 b5 5. a3 Bb7 6. Bd3 d6 7. O-O Nd7 8. Re1 c5 9. d5 Ngf6 10. h3 O-O 11. Bg5 Re8 12. Qd2 Qb6 13. Kh2 e6 14. dxe6 Rxe6 15. Nd5 Nxd5 16. exd5 Rxe1 17. Rxe1 Bxd5 18. Bxb5 Bxf3 19. Bxd7 Bb7 20. c3 d5 21. Ba4 d4 22. c4 h5 23. b4 cxb4 24. axb4 Qc7+ 25. Qf4 Qxc4 26. Re8+ Rxe8 27. Bxe8 Qd5 28. Qg3 d3 29. Bd2 h4 30. Qg4 Qe5+ 31. f4 Qxe8 32. Qxh4 Qe2 0-1


[Site "https://www.chess.com"]

[Event "Titled Tuesday Blitz November 2 2021"]
[White "Rodchenkov, Vitaly"]
[Black "Djordjevic, Vuk"]
[WhiteFideId "4152964"]
[BlackFideId "902098"]
[WhiteElo "2337"]
[BlackElo "2463"]
[Result "0-1"]
[Round "09"]
[TimeControl "180+1"]
[Date "2021.11.02"]
[WhiteClock "0:00:08"]
[BlackClock "0:00:07"]

1. Nf3 e6 2. c4 Nf6 3. d4 b6 4. Nc3 Bb7 5. a3 d5 6. Bg5 Be7 7. e3 O-O 8. Rc1 Nbd7 9. cxd5 exd5 10. Bd3 Rc8 11. O-O a6 12. Qe2 b5 13. Ne5 Nxe5 14. dxe5 Ne4 15. Bxe4 dxe4 16. Bf4 f5 17. Rfd1 Qe8 18. Nd5 Bxd5 19. Rxd5 c5 20. h3 Qc6 21. Rcd1 Rcd8 22. Rxd8 Rxd8 23. Rxd8+ Bxd8 24. g4 Qd7 25. Kg2 fxg4 26. hxg4 Qe6 27. f3 Qd5 28. fxe4 Qxe4+ 29. Qf3 Qxf3+ 30. Kxf3 Kf7 31. Ke4 Ke6 32. b3 a5 33. a4 c4 34. axb5 cxb3 35. Kd3 a4 36. Kc3 Bb6 37. Kb2 Bc5 38. e4 Bd4+ 39. Ka3 b2 40. Ka2 Kd7 41. g5 Ke6 42. Kb1 a3 43. Ka2 Kd7 44. Kb1 Bc5 45. Ka2 Kc7 46. e6+ Kd8 47. Be5 g6 48. Bf6+ Ke8 49. Kb1 Be3 50. Ka2 h5 51. gxh6 Bxh6 52. Kb1 Be3 53. Ka2 g5 54. Kb1 g4 55. Bh4 Bf4 56. b6 g3 57. b7 g2 58. Bf2 Ke7 59. Ka2 Kxe6 60. Be3 Bb8 61. Bg1 Ke5 62. Bh2+ Kxe4 63. Bxb8 g1=Q 0-1


[Site "https://www.chess.com"]

[Event "Titled Tuesday Blitz November 2 2021"]
[White "Rostovtsev, Dmitry"]
[Black "Hansen, Eric"]
[WhiteFideId "34278320"]
[BlackFideId "2606771"]
[WhiteElo "2294"]
[BlackElo "2568"]
[Result "0-1"]
[Round "09"]
[TimeControl "180+1"]
[Date "2021.11.02"]
[WhiteClock "0:00:02"]
[BlackClock "0:00:54"]

1. e4 c5 2. Nf3 e6 3. d4 cxd4 4. Nxd4 a6 5. Bd3 Qb6 6. Nb3 Qc7 7. O-O Nf6 8. Nc3 d6 9. a4 b6 10. Bg5 Nbd7 11. Qf3 Bb7 12. Qg3 h6 13. Be3 g5 14. Rae1 Ne5 15. Bd4 Be7 16. Qe3 Neg4 17. Qe2 h5 18. h3 Ne5 19. Qe3 Nfd7 20. f4 gxf4 21. Qxf4 O-O-O 22. Kh1 Rdg8 23. Qf2 Rh6 24. a5 b5 25. Bb6 Nxb6 26. axb6 Qd8 27. Na5 Rhg6 28. Nxb7 Kxb7 29. Re2 Rxg2 30. Qxg2 Rxg2 31. Rxg2 Qxb6 32. Ne2 Qe3 33. Nf4 h4 34. Re2 Qc5 35. Ng2 Bg5 36. Ref2 Kb6 37. Nf4 Qe3 38. Kh2 Qg3+ 39. Kh1 Bxf4 40. Rxf4 Qxh3+ 41. Kg1 Qg3+ 42. Kh1 h3 43. R4f2 b4 44. Be2 a5 45. Rh2 a4 46. Rg1 Qe3 47. Rf1 Qxe4+ 48. Kg1 Qe3+ 49. Kh1 a3 50. bxa3 bxa3 51. Rhf2 a2 52. Kh2 Qc3 53. Bd3 Ng4+ 54. Kxh3 Nxf2+ 55. Rxf2 a1=Q 0-1


[Site "https://www.chess.com"]

[Event "Titled Tuesday Blitz November 2 2021"]
[White "Rychagov, Andrey"]
[Black "Yeletsky, Ivan"]
[WhiteFideId "4119932"]
[BlackFideId "24180327"]
[WhiteElo "2500"]
[BlackElo "2352"]
[Result "0-1"]
[Round "09"]
[TimeControl "180+1"]
[Date "2021.11.02"]
[WhiteClock "0:00:22"]
[BlackClock "0:00:20"]

1. d4 Nf6 2. c4 g6 3. Nf3 Bg7 4. Nc3 O-O 5. e4 d6 6. Be2 e5 7. O-O Na6 8. Re1 Qe7 9. d5 Nc5 10. Bg5 a5 11. Nd2 h6 12. Bh4 Bd7 13. b3 h5 14. a3 Bh6 15. Nf3 Bg4 16. h3 Bxf3 17. Bxf3 Kh7 18. Nb5 Rg8 19. Bxf6 Qxf6 20. Nxc7 Rac8 21. Nb5 a4 22. b4 Nb3 23. Ra2 Rxc4 24. Rc2 Rgc8 25. Rxc4 Rxc4 26. Qd3 Rc8 27. Bd1 Rc1 28. Kf1 Bd2 29. Ke2 Bxe1 30. Kxe1 Nd4 31. Nxd4 exd4 32. Ke2 Rc3 33. Qd2 Rxa3 34. Bc2 Ra2 35. Qd3 Qf4 0-1


[Site "https://www.chess.com"]